AoeStats
← Gamer of the south

Lombardia

508845778Analyzed
2v2 RM · 9d ago on Sep 24, 2026· 14m 13s· 4 players
Game mode
Random Map
Map size
Medium (4 player)
Population
200
Speed
Normal
Resources
Standard
Victory
Conquest
Starting age
Dark Age
Ending age
Imperial Age
RankedLock teamsTeams togetherTeam positionsShared explorationLock speedFull tech treeHidden civsTurbo modeCheats
Victory
Defeat
🇦🇷 Burgundians · Argentina
839
+13
🇦🇷 Ethiopians · Argentina
836
+13
🇿🇦 Persians · South Africa
782
-13
🇿🇦 Turks · South Africa
762
-13
Gamer of the south
9:03 Loom
11:37 Feudal Age
12:21 Double-Bit Axe
12:19 Horse Collar
14:29 Wheelbarrow
behardienameer
12:32 Feudal Age
LittleMeatBoy
9:48 Feudal Age
13:24 Forging
13:16 Horse Collar
sweetsean
10:49 Feudal Age
11:39 Double-Bit Axe
12:21 Gold Mining
Connection lost

Rejoining the realm…

Still unreachable

The connection could not be restored.

Session expired

The server has moved on; the page needs a fresh start.